 Dungeon Crawl Stone Soup version 0.29-a0-521-g59ce8b2d47 (webtiles) character file.

Game seed: 15431806675722195069

1661 Morbidden the Grave Robber (level 8, -5/67 HPs)
             Began as a Deep Dwarf Necromancer on June 1, 2022.
             Was a Follower of Cheibriados.
             Slain by an orc warrior
             ... wielding a +0 scimitar
              (9 damage)
             ... on level 7 of the Dungeon.
             The game lasted 00:13:39 (8458 turns).

Morbidden the Grave Robber (Deep Dwarf Necromancer) Turns: 8458, Time: 00:13:40

Health: -5/67      AC:  5    Str: 14    XL:     8   Next: 69%
Magic:  3/16       EV: 16    Int: 20    God:    Cheibriados [*.....]
Gold:   77         SH:  0    Dex: 15    Spells: 4/17 levels left

rFire   . . .      SeeInvis .     - Unarmed
rCold   . . .      Faith    .   (no shield)
rNeg    . . .      Spirit   .   B - +0 ring mail
rPois   .          Reflect  .   (no helmet)
rElec   .          Harm     .   (no cloak)
rCorr   .          Rampage  .   (no gloves)
Will    ++...                   (no boots)
Stlth   ++........              (no amulet)
HPRegen 0.00/turn               p - ring of willpower
MPRegen 0.15/turn               s - +4 ring of evasion

@: very slow
A: damage resistance, heal wounds, sense surroundings 1, no regeneration
a: Heal Wounds, Renounce Religion, Bend Time


You were on level 7 of the Dungeon.
You worshipped Cheibriados.
Cheibriados was aware of your devotion.
You visited 2 branches of the dungeon, and saw 9 of its levels.

You collected 275 gold pieces.
You spent 198 gold pieces at shops.

Inventory:

Missiles
 w - 3 boomerangs (quivered)
Armour
 f - a +2 pair of gloves
 z - the +1 robe "Duss" {Drain rF+++ Will++ SInv}
   (You found it on level 6 of the Dungeon)

   rF:        It renders you almost immune to fire.
   SInv:      It lets you see invisible.
   Drain:     It drains your maximum health when unequipped.
   Will:      It greatly increases your willpower.
 A - an orb of energy
 B - a +0 ring mail (worn)
Jewellery
 p - a ring of willpower (left hand)
 r - a ring of poison resistance
 s - a +4 ring of evasion (right hand)
 y - an amulet of reflection
Wands
 u - a wand of flame (5)
Scrolls
 a - a scroll of enchant weapon {unknown}
 d - a scroll of blinking {unknown}
 e - 3 scrolls of identify
 i - 2 scrolls of teleportation
 j - a scroll of amnesia {unknown}
 l - a scroll of fear
 m - a scroll of fog
 n - a scroll of noise {unknown}
 q - a scroll of immolation {unknown}
 t - a scroll of poison {unknown}
 v - 2 scrolls of enchant armour {unknown}
 D - a scroll of summoning {unknown}
Potions
 b - a potion of magic
 c - 3 potions of might {unknown}
 g - 10 potions of curing
 h - a potion of degeneration {unknown}
 k - a potion of berserk rage {unknown}
 o - a potion of lignification {unknown}
 x - 2 potions of invisibility {unknown}
 C - a potion of attraction {unknown}


   Skills:
 * Level 2.3 Fighting
 + Level 0.2 Throwing
 + Level 0.9 Armour
 * Level 4.5 Dodging
 + Level 2.7 Stealth
 * Level 2.2 Unarmed Combat
 * Level 5.3 Spellcasting
 * Level 7.6 Necromancy
 * Level 2.2 Transmutations
 * Level 1.0 Air Magic
 * Level 3.0 Invocations
 * Level 1.6 Evocations


You had 4 spell levels left.
You knew the following spells:

 Your Spells              Type           Power      Damage    Failure   Level
a - Necrotize             Necr           100%       1d9       1%          1
b - Vampiric Draining     Necr           35%        2d8       3%          3
c - Storm Form            Tmut/Air       5%         N/A       100%        7
z - Wereblood             Tmut           14%        N/A       14%         2

Your spell library contained the following spells:

 Spells                   Type           Power      Damage    Failure   Level
 Sublimation of Blood     Necr           35%        N/A       1%          2
 Animate Dead             Necr           35%        N/A       10%         4
 Foxfire                  Conj/Fire      20%        2x1d5     22%         1
 Passwall                 Tmut/Erth      7%         N/A       22%         2
 Static Discharge         Conj/Air       7%         N/A       28%         2
 Ensorcelled Hibernation  Hex/Ice        10%        N/A       34%         2
 Scorch                   Fire           10%        2d6       34%         2
 Swiftness                Air            9%         N/A       41%         3
 Ignite Poison            Fire/Tmut/Pois 8%         N/A       45%         3
 Conjure Flame            Conj/Fire      5%         6-21      56%         3
 Gell's Gravitas          Tloc           5%         N/A       56%         3
 Inner Flame              Hex/Fire       5%         N/A       56%         3
 Lesser Beckoning         Tloc           5%         N/A       56%         3
 Teleport Other           Tloc           5%         N/A       56%         3
 Summon Lightning Spire   Summ/Air       7%         N/A       88%         4
 Flame Wave               Conj/Fire      5%         2d5       92%         4
 Sticky Flame             Conj/Fire      5%         2d3       92%         4
 Agony                    Necr           35%        N/A       28%         5
 Lightning Bolt           Conj/Air       3%         1d15      99%         5
 Summon Cactus Giant      Summ           2%         N/A       100%        6
 Summon Hydra             Summ           2%         N/A       100%        7
 Maxwell's Capacitive Co  Air            4%         ∞         100%        8


Dungeon Overview and Level Annotations

Branches:
Dungeon (8/15)             Temple (1/1) D:4
   Lair: D:8-11

Altars:
Ashenzari
Cheibriados
Dithmenos
Elyvilon
Fedhas
Gozag
Hepliaklqana
Kikubaaqudgha
Nemelex Xobeh
Okawaru
Ru
Sif Muna
Trog
Uskayaw
Vehumet
Wu Jian
Xom
Yredelemnul
Zin
The Shining One
Lugonu

Shops:
D:3 *   D:4 ((!

Portals:
Abyss: D:5

Annotations:
D:2 1 runed translucent door, Crazy Yiuf


Innate Abilities, Weirdness & Mutations

You are resistant to damage.
You can heal yourself by infusing magical energy.
You passively map a small area around you.
You do not regenerate.


Message History

The wyvern bites you! The wyvern barely misses you.
Unknown command.
Aiming: Throw Flame
Press: ? - help, Shift-Dir - straight line, f/p - wyvern
Aim: a wyvern (steam, water, almost dead, 68% to hit)
The puff of flame hits the wyvern!
You kill the wyvern!
Cheibriados thoroughly appreciates the change of pace.
Your life force feels restored.
Your Air Magic skill increases to level 1!
Your Invocations skill increases to level 3!
Unknown command.
Unknown command.
Unknown command.
Unknown command.
You see here a +2 pair of gloves.
f - a +2 pair of gloves Throw: dart (curare)
Press: ? - help, Q - select action, (/) - cycle Shift-Dir - straight line, f - orc warrior
Aim: an orc warrior, wielding a +0 scimitar and wearing a +0 plate armour (59% to hit)
You throw a curare-tipped dart.
The curare-tipped dart hits the orc warrior.
The orc warrior is poisoned.
The orc warrior convulses.
The orc warrior seems to slow down.
The orc warrior is moderately wounded.
Unknown command.
Unknown command.
Unknown command.
You hit the orc warrior but do no damage.
The orc warrior is moderately wounded.
The orc warrior barely misses you.
Unknown command.
The orc warrior is no longer moving slowly.
The orc warrior hits you with a +0 scimitar!!
* * * LOW HITPOINT WARNING * * *
Unknown command.
You barely miss the orc warrior.
The orc warrior is heavily wounded.
The orc warrior hits you with a +0 scimitar!
You die...

### * , ####.## * #....., , ,
, ...#* * * ##.########..# *
.. * ##.(..o@......# ,
....##..≈.≈≈≈≈≈≈≈..#
#......≈.......≈..# *
##..##.≈.#####.≈.## * *#.
#.≈.....#.≈.### * #. *
#.≈.#._.#.≈...##...## # *
#.≈.#.....≈.........., * ,
#.≈.#####.≈..........
#...####.≈.......≈.....#*..##


You could see an orc warrior (poisoned).

Vanquished Creatures
  A wyvern (D:7)
  A water moccasin (D:6)
  A black bear (D:4)
  3 ogres
  2 centaurs (D:6)
  A phantom (D:6)
  2 bullfrogs
  2 scorpions
  A wight (D:7)
  2 howler monkeys (D:7)
  3 orc priests
  2 hounds
  3 iguanas
  3 orc wizards
  A hound skeleton (D:3)
  6 adders
  3 ufetubi
  A worm (D:2)
  15 orcs
  7 endoplasms
  5 giant cockroaches
  4 goblins (D:2)
  5 hobgoblins
  2 jackals (D:2)
  A quokka (D:4)
  6 ball pythons
  A ball python zombie (D:3)
  4 bats
  4 frilled lizards
  5 kobolds
  11 rats
108 creatures vanquished.

Vanquished Creatures (collateral kills)
  An endoplasm (D:2)
  A goblin (D:2)
  A rat (D:2)
3 creatures vanquished.

Vanquished Creatures (others)
  3 lurking horrors (D:5)
  2 withered plants (D:3)
5 creatures vanquished.

Grand Total: 116 creatures vanquished

Notes
Turn   | Place    | Note
-------+----------+-------------------------------------------
     0 | D:1      | Morbidden the Deep Dwarf Necromancer began the quest for
                  | the Orb.
     0 | D:1      | Reached XP level 1. HP: 15/15 MP: 3/3
   291 | D:1      | Found a faded altar of an unknown god.
   467 | D:1      | Reached XP level 2. HP: 22/22 MP: 2/4
  1052 | D:2      | Reached skill level 5 in Necromancy
  1060 | D:2      | Reached XP level 3. HP: 28/28 MP: 1/6
  1209 | D:2      | Learned a level 3 spell: Vampiric Draining
  1369 | D:2      | You fall into a shaft and drop 1 floor!
  2087 | D:2      | Found a runed translucent door.
  2089 | D:2      | Noticed Crazy Yiuf
  2440 | D:3      | Reached XP level 4. HP: 37/37 MP: 1/7
  3066 | D:3      | Reached XP level 5. HP: 43/43 MP: 1/9
  3069 | D:3      | Learned a level 2 spell: Wereblood
  3208 | D:3      | Found Runed's Assorted Antiques.
  3214 | D:3      | Bought a shiny glass ring for 130 gold pieces
  3358 | D:3      | Reached skill level 1 in Fighting
  3904 | D:4      | Found a staircase to the Ecumenical Temple.
  3913 | Temple   | Entered the Ecumenical Temple
  4082 | Temple   | Became a worshipper of Cheibriados the Contemplative
  4367 | D:4      | Noticed an ogre
  4376 | D:4      | Killed an ogre
  4377 | D:4      | Reached skill level 1 in Unarmed Combat
  4377 | D:4      | Reached XP level 6. HP: 47/51 MP: 0/11
  4469 | D:4      | Found Rimabbar's Distillery.
  4479 | D:4      | Bought a potion of heal wounds for 55 gold pieces
  4667 | D:4      | Reached skill level 6 in Necromancy
  4667 | D:4      | Reached skill level 1 in Invocations
  4915 | D:4      | Found Isateg's Weapon Emporium.
  4980 | D:4      | Found Muahocwo's Weapon Emporium.
  4987 | D:4      | Bought 2 curare-tipped darts for 13 gold pieces
  5134 | D:5      | Entered Level 5 of the Dungeon
  5759 | D:5      | Found a one-way gate to the infinite horrors of the Abyss.
  5759 | D:5      | Found a corrupted altar of Lugonu.
  5802 | D:5      | Reached XP level 7. HP: 17/57 MP: 0/13
  5898 | D:5      | Found a white marble altar of Elyvilon.
  5903 | D:5      | Found a radiant altar of Vehumet.
  6096 | D:5      | Reached skill level 1 in Transmutations
  6266 | D:6      | HP: 2/57 [ufetubus (1)]
  6375 | D:6      | Found a sacrificial altar of Ru.
  6386 | D:6      | HP: 1/57 [adder (1)]
  6762 | D:6      | Identified the +1 robe "Duss" {Drain rF+++ Will++ SInv}
  6884 | D:6      | Reached * piety under Cheibriados
  6893 | D:6      | Learned a level 7 spell: Storm Form
  7148 | D:6      | Reached skill level 7 in Necromancy
  7170 | D:6      | Reached XP level 8. HP: 44/67 MP: 7/15
  7947 | D:7      | Reached skill level 5 in Spellcasting
  7947 | D:7      | Reached skill level 1 in Evocations
  8438 | D:7      | Found an opulent altar of Gozag.
  8449 | D:7      | Reached skill level 1 in Air Magic
  8458 | D:7      | Slain by an orc warrior

Illustrated notes

Levels and vault maps discovered:
D:1:      ncdulo_halloftheorcs, layout_loops_ring, basic_ecumenical_altar
D:2:      layout_loops_ring, minmay_cupped, uniq_crazy_yiuf_cottage
D:3:      layout_loops_ring, serial_shops, shop, serial_undead, serial_undead_a,
          serial_undead_c, serial_undead_a, serial_undead_e
D:4:      layout_gridville, minmay_temple_entry_antechambers, serial_shops,
          nicolae_square_shop, nicolae_shop_hallway_stairs,
          nicolae_shop_waterfront, abandoned_shop, st_stairs_14
D:5:      layout_gridville, minitemple, amethyst_killhole,
          amcnicky_altar_lugonu_corruption
D:6:      layout_basic, hangedman_ru_absence
D:7:      layout_layer_cave, mainiacjoe_overflow_brackets,
          kennysheep_generic_room_13
D:8:      layout_rooms, moated_statue, uniq_gastronok
Temple:   eino_temple_rhombus

Skill      XL: |  1  2  3  4  5  6  7  8 |
---------------+-------------------------+-----
Spellcasting   | 2 3 4 5 |  5.3
Necromancy     | 5 6 7 |  7.6
Fighting       | 1 2 |  2.3
Unarmed Combat | 1 2 |  2.2
Dodging        | 3 4 |  4.5
Invocations    | 1 2 3 |  3.0
Transmutations | 1 2 |  2.2
Evocations     | 1 |  1.6
Air Magic      | 1 |  1.0
Throwing       | |  0.2
Armour         | |  0.9
Stealth        | |  2.7

Action                   |  1- 3 |  4- 6 |  7- 9 || total
-------------------------+-------+-------+-------++-------
Melee: Unarmed           |     2 |    42 |    61 ||   105
       Punch             |       |     2 |     2 ||     4
Throw: Dart              |       |     1 |     3 ||     4
       Boomerang         |       |       |    11 ||    11
 Cast: Necrotize         |    87 |    66 |     5 ||   158
       Vampiric Draining |     1 |    14 |    46 ||    61
       Wereblood         |       |       |     1 ||     1
Evoke: Wand              |       |     1 |    12 ||    13
  Use: Potion            |       |       |     4 ||     4
       Scroll            |       |       |     4 ||     4
Armor: Robe              |     3 |     7 |     1 ||    11
       Ring mail         |       |       |    18 ||    18
Dodge: Dodged            |    16 |    62 |   130 ||   208

Table legend: (Time is in decaauts)
 A = Elapsed time spent in this place.
 B = Non-inter-level travel time spent in this place.
 C = Inter-level travel time spent in this place.
 D = Time resting spent in this place.
 E = Time spent auto-exploring this place.
 F = Levels seen in this place.
 G = Mean time per level.
                   A        B        C        D        E       F      G
               +--------+--------+--------+--------+--------+-----+--------+
         Total |   9243 |   8910 |    333 |   1162 |   6499 |   9 | 1027.0 |
       Dungeon |   9061 |   8739 |    322 |   1162 |   6369 |   8 | 1132.6 |
        Temple |    182 |    171 |     11 |      0 |    130 |   1 |  182.0 |
               +--------+--------+--------+--------+--------+-----+--------+

Top non-repeatable levels by time:
     D:6: 1891 daAuts
     D:2: 1613 daAuts
     D:5: 1364 daAuts
     D:4: 1290 daAuts
     D:3: 1161 daAuts
     D:1: 1075 daAuts
     D:7: 662 daAuts
  Temple: 182 daAuts
     D:8: 1 daAuts
